 Dungeon Crawl Stone Soup version 0.14-a0-1876-g927fc3a (webtiles) character file.

105 Jenx the Cudgeler (level 3, 0/30 HPs)
             Began as a Hill Orc Skald on Jan 14, 2014.
             Slain by a worm (9 damage)
             ... on Level 2 of the Dungeon.
             The game lasted 00:02:42 (1586 turns).

Jenx the Cudgeler (Hill Orc Skald)                  Turns: 1586, Time: 00:02:42

HP   0/30        AC  3     Str 14      XL: 3   Next: 89%
MP   2/5         EV 10     Int 13      God:
Gold 52          SH  0     Dex 10      Spells:  2 memorised,  2 levels left

rFire  . . .     SeeInvis .     a - +0 orc mace
rCold  . . .     Clarity  .     b - +0 orc leather armour
rNeg   . . .     Conserve .     (no shield)
rPois  .         rCorr    .     (no helmet)
rElec  .         rRot     .     (no cloak)
SustAb . .       Spirit   .     (no gloves)
rMut   .         Warding  .     (no boots)
Saprov + . .     Stasis   .     (no amulet)
MR     .....                    (no ring)
                                (no ring)

@: very slightly contaminated, not resistant to hostile enchantments, very
unstealthy
A: saprovore 1
a: no special abilities


You were on level 2 of the Dungeon.
You were not hungry.

You visited 1 branch of the dungeon, and saw 2 of its levels.

You collected 52 gold pieces.

Inventory:

Hand weapons
 a - a +0,+0 orcish mace (weapon)
 k - a +0,+1 dagger of venom
Missiles
 m - 3 needles of confusion
Armour
 b - a +0 orcish leather armour (worn)
Comestibles
 d - 2 meat rations
 o - a chunk of worm flesh
Scrolls
 e - 2 scrolls of identify {unknown}
 f - a scroll of recharging {unknown}
 g - a scroll of enchant weapon I {unknown}
 j - a scroll of teleportation {unknown}
 l - a scroll of remove curse {unknown}
Potions
 h - a potion of degeneration {unknown}
 i - a potion of agility {unknown}
 n - a potion of brilliance {unknown}
 x - a potion of curing {unknown}
Books
 c - a book of Battle

   Spells                             Type                      Level
   *Infusion                          Charms                       1
   *Shroud of Golubria                Charms/Translocation         2
   Song of Slaying                    Charms                       2
   Spectral Weapon                    Hexes/Charms                 3
   Regeneration                       Charms/Necromancy            3


   Skills:
 - Level 2.4 Fighting
 * Level 4.4 Maces & Flails
 - Level 1.1 Armour
 - Level 0.7 Dodging
 - Level 1.5 Spellcasting
 - Level 2.6 Charms


You had 2 spell levels left.
You knew the following spells:

 Your Spells              Type           Power        Failure   Level  Hunger
a - Infusion              Chrm           #.....       10%         1    ##.....
b - Shroud of Golubria    Chrm/Tloc      #.........   24%         2    ###....


Dungeon Overview and Level Annotations

Branches:
Dungeon (2/16)

Altars:


Innate Abilities, Weirdness & Mutations

You can tolerate rotten meat.


Message History

You hit the worm.
The worm is lightly wounded.
The worm bites you.
You barely miss the worm.
The worm is lightly wounded.
The worm bites you.
You hit the worm but do no damage.
The worm is lightly wounded.
Your shroud bends the worm's attack away!
You hit the worm.
The worm is lightly wounded.
Your shroud begins to fray at the edges.
You barely miss the worm.
The worm is lightly wounded.
The worm bites you.
* * * LOW HITPOINT WARNING * * *
You hit the worm.
The worm is moderately wounded.
The worm bites you!
You die...

.###.####### #......
............# #......
...........####......
............##......
...........##.(....
%......(..###....#
#.# #.(...# #....#
#.# #.....# #....#
#@# #.....# #....#
..#####w###.....#
#.....
.................#
#....#
........%.......#
#....#
................#
#.....
#..........######
###### #..........#
#.(. #..........#
#(## #..........# #(#


You could see a worm.

Vanquished Creatures
  An adder (D:2)
  A worm (D:2)
  6 bats
  4 goblins (D:1)
  A grey rat (D:1)
  4 hobgoblins (D:1)
  2 jackals (D:2)
  5 kobolds
  4 giant cockroaches (D:1)
  10 rats
38 creatures vanquished.

Notes
Turn   | Place    | Note
--------------------------------------------------------------
     0 | D:1      | Jenx, the Hill Orc Skald, began the quest for the Orb.
     0 | D:1      | Reached XP level 1. HP: 18/18 MP: 2/2
   137 | D:1      | Reached skill level 3 in Maces & Flails
   137 | D:1      | Reached XP level 2. HP: 20/25 MP: 0/3
   687 | D:1      | Reached XP level 3. HP: 30/30 MP: 5/5
   923 | D:1      | Learned a level 2 spell: Shroud of Golubria
   970 | D:2      | Reached skill level 4 in Maces & Flails
  1142 | D:2      | HP: 1/30 [poisoned by an adder]
  1586 | D:2      | Slain by a worm

Action                   || total
-------------------------++-------
Melee: Mace              ||   149
 Cast: Infusion          ||     1
       Shroud of Golubri ||     2
